 Dungeon Crawl Stone Soup version 0.28.0-1-gb440e238dd (webtiles) character file.

Game seed: 10912876839029804813

9 cbfl8 the Sneak (level 2, -1/27 HPs)
             Began as a Minotaur Delver on Feb 28, 2022.
             Killed from afar by a charred statue (5 damage)
             ... with a puff of flame
             ... on level 5 of the Dungeon.
             The game lasted 00:00:17 (27 turns).

cbfl8 the Sneak (Minotaur Delver)                     Turns: 27, Time: 00:00:17

Health: -1/27      AC:  3    Str: 16    XL:     2   Next: 6%
Magic:  1/1        EV: 11    Int:  7    God:
Gold:   0          SH:  0    Dex: 11    Spells: 1/1 levels left

rFire   . . .      SeeInvis .   a - +0 hand axe
rCold   . . .      Faith    .   (no shield)
rNeg    . . .      Spirit   .   b - +0 leather armour
rPois   .          Reflect  .   (helmet restricted)
rElec   .          Harm     .   (no cloak)
rCorr   .          Rampage  .   (no gloves)
Will    .....                   (no boots)
Stlth   ++........              (no amulet)
HPRegen 0.09/turn               (no ring)
MPRegen 0.07/turn               (no ring)

@: no status effects
A: horns 2, retaliatory headbutt
a: no special abilities


You were on level 5 of the Dungeon.
You visited 1 branch of the dungeon, and saw 1 of its levels.

Inventory:

Hand Weapons
 a - a +0 hand axe (weapon)
Armour
 b - a +0 leather armour (worn)
Wands
 g - a wand of digging (3)
Scrolls
 c - a scroll of fog
 e - a scroll of fear
Potions
 f - a potion of haste


   Skills:
 + Level 3.7 Fighting
 + Level 2.4 Axes
 + Level 2.2 Dodging
 + Level 4.4 Stealth


You had one spell level left.
You didn't know any spells.
Your spell library was empty.

Dungeon Overview and Level Annotations

Branches:
Dungeon (5/15)
 Temple: D:4-7

Altars:
Vehumet

Annotations:
D:5 exclusion: statue


Innate Abilities, Weirdness & Mutations

You have a pair of horns on your head.
You reflexively headbutt those who attack you in melee.


Message History

Welcome, cbfl8 the Minotaur Delver.
Will you be the one to retrieve the incredible Orb of Zot from the depths?
Press ? for a list of commands and other information.
Found a stone staircase leading down.
As you read the scroll of magic mapping, it crumbles to dust.
You feel aware of your surroundings.
You sensed 2 altars.
There is a stone staircase leading down here.
Found a radiant altar of Vehumet.
A charred statue comes into view.
Marking area around a charred statue as unsafe for travelling.
An adder comes into view.
The adder hisses angrily.
The adder barely misses you. You furiously retaliate!
You headbutt the adder! The charred statue gestures at you.
The puff of flame hits you! The adder completely misses you.
The adder bites you. The adder barely misses you. You furiously retaliate!
You headbutt the adder.
You kill the adder!
You have reached level 2!
There is a radiant altar of Vehumet here.
The charred statue gestures at you. The puff of flame hits you!
* * * LOW HITPOINT WARNING * * *
You hit the charred statue.
You punch the charred statue, but do no damage.
The charred statue is moderately damaged.
You barely miss the charred statue.
The charred statue is moderately damaged.
You barely miss the charred statue.
The charred statue is moderately damaged.
The charred statue gestures at you. The puff of flame hits you.
You die...

###### *********....#
*,,,,,,,,,...# *,#########..#
*,#.......#..#
*,#.8@_......######### **
*,#.......#........... ,******
*,#########.####...... ,,,,,,*
*,,,,,,,,...# ##...... ,,,**,*
**,,**,*#######....>.. **,,*,**
*,**,,***,,.......... **,,,,**
*,,*,**,,,*####...... ***,,,,**
*,,,,**,,,****#......
*,,,,,,,****,**,,,,*,*.........#


You could see a charred statue.

Vanquished Creatures
  An adder (D:5)
1 creature vanquished.

Notes
Turn   | Place    | Note
-------+----------+-------------------------------------------
     0 | D:5      | cbfl8 the Minotaur Delver began the quest for the Orb.
     0 | D:5      | Reached XP level 1. HP: 19/19 MP: 0/0
    15 | D:5      | Found a radiant altar of Vehumet.
    17 | D:5      | Noticed a charred statue
    24 | D:5      | Reached XP level 2. HP: 13/27 MP: 1/1
    27 | D:5      | Killed from afar by a charred statue

Illustrated notes

Levels and vault maps discovered:
D:5:      lemuel_ice_spiral_2, layout_rooms, lemuel_tele_altar, vehumet_statue,
          uniq_eustachio, uniq_duvessa, uniq_ijyb, uniq_edmund

Action                   || total
-------------------------++-------
Melee: Hand axe          ||     3
       Punch             ||     1
  Use: Scroll            ||     1
Dodge: Dodged            ||     3
